 Dungeon Crawl Stone Soup version 0.28-a0-305-g9e858e973b (webtiles) character file.

Game seed: 8279481521785193218

159019 pokeman the Sorcerer (level 17, -13/112 HPs)
             Began as a Deep Elf Hedge Wizard on Aug 29, 2021.
             Was a High Priest of Vehumet.
             Mangled by a water elemental (18 damage)
             ... on level 3 of the Shoals.
             The game lasted 02:05:28 (36113 turns).

pokeman the Sorcerer (Deep Elf Hedge Wizard)       Turns: 36113, Time: 02:05:29

Health: -13/112    AC:  8    Str:  7    XL:     17   Next: 15%
Magic:  40/46      EV: 10    Int: 27    God:    Vehumet [*****.]
Gold:   2152       SH:  0    Dex: 19    Spells: 28/62 levels left

rFire   + + .      SeeInvis .   V - +2 broad axe (venom)
rCold   . . .      Faith    .   D - +0 buckler
rNeg    . . .      Spirit   .   v - +0 troll leather armour {Purgy}
rPois   +          Reflect  .   L - +0 hat of the tomato {Fly Dex+5}
rElec   .          Harm     .   (no cloak)
rCorr   .          Rampage  .   o - +0 pair of gloves
Will    +....                   K - +0 pair of boots
Stlth   ++........              b - amulet of Vitality {Regen+ HP+15}
HPRegen 2.28/turn               e - +4 ring of evasion
MPRegen 0.30/turn               w - ring "Ankin" {+Blink rPois rF++ Slay+6}

@: engulfed (cannot breathe), flying, held
A: no striking features
a: Renounce Religion, Evoke Blink


You were on level 3 of the Shoals.
You worshipped Vehumet.
Vehumet was extremely pleased with you.
You visited 6 branches of the dungeon, and saw 28 of its levels.
You visited the Abyss 1 time.
You also visited: Sewer, Bailey, Ice Cave and Volcano.

You collected 2327 gold pieces.
You spent 175 gold pieces at shops.

Inventory:

Hand Weapons
 S - a +2 hand crossbow of freezing
 V - a +2 broad axe of venom (weapon)
Missiles
 c - a throwing net
 d - 112 bolts
Armour
 k - the +4 skin of Zhor {*Englaciate rC+++ SInv}
   (You found it on level 15 of the Dungeon)

   It radiates cold, occasionally slowing all nearby creatures who are not
   resistant to cold.
   rC:        It renders you almost immune to cold.
   SInv:      It lets you see invisible.
 o - a +0 pair of gloves (worn)
 v - a +0 troll leather armour (worn) {Purgy}
 D - a +0 buckler (worn)
 K - a +0 pair of boots (worn)
 L - the +0 hat of the tomato (worn) {Fly Dex+5}
   (You found it on level 10 of the Dungeon)

   Dex:       It affects your dexterity (+5).
   Fly:       It grants you flight.
Jewellery
 b - the amulet of Vitality (around neck) {Regen+ HP+15}
   (You found it on level 13 of the Dungeon)

   [amulet of regeneration]

   HP:        It affects your health (+15).
   Regen:     It increases your rate of health regeneration.
 e - a +4 ring of evasion (left hand)
 t - a ring of flight
 w - the ring "Ankin" (right hand) {+Blink rPois rF++ Slay+6}
   (You found it on level 2 of the Lair of Beasts)

   [ring of poison resistance]

   Slay:      It affects your accuracy & damage with ranged weapons and melee
   (+6).
   rF:        It greatly protects you from fire.
   rPois:     It protects you from poison.
   +Blink:    It lets you blink.
 O - a ring of see invisible
Wands
 r - a wand of mindburst (16)
 z - a wand of digging (3)
 U - a wand of acid (6)
Scrolls
 a - a scroll of enchant armour
 h - 3 scrolls of fear
 j - a scroll of silence
 l - 5 scrolls of magic mapping
 n - 5 scrolls of teleportation
 q - 6 scrolls of blinking
 u - a scroll of identify
 y - a scroll of brand weapon
Potions
 f - 9 potions of curing
 g - 3 potions of might
 i - a potion of cancellation
 m - 4 potions of haste
 p - 3 potions of magic
 s - 4 potions of heal wounds
 P - a potion of berserk rage
Miscellaneous
 I - a phantom mirror
 J - a lightning rod (4/4)
 M - a phial of floods
 N - a condenser vane


   Skills:
 + Level 7.9 Fighting
 - Level 8.0 Armour
 - Level 3.0 Dodging
 - Level 3.1 Stealth
 - Level 4.1 Shields
 * Level 23.3 Spellcasting
 + Level 15.0 Conjurations
 - Level 5.1 Summonings
 - Level 1.1 Translocations
 + Level 14.1 Fire Magic
 - Level 1.0 Ice Magic
 - Level 1.2 Air Magic
 - Level 1.0 Earth Magic
 - Level 1.0 Poison Magic
 - Level 2.0 Evocations


You had 28 spell levels left.
You knew the following spells:

 Your Spells              Type           Power      Damage    Failure   Level
a - Magic Dart            Conj           100%       1d8       0%          1
b - Mephitic Cloud        Conj/Pois/Air  58%        N/A       1%          3
c - Call Imp              Summ           56%        N/A       1%          2
d - Blink                 Tloc           N/A        N/A       1%          2
e - Conjure Flame         Conj/Fire      84%        6-21      0%          3
f - Foxfire               Conj/Fire      100%       2x1d9     0%          1
g - Bolt of Magma         Conj/Fire/Erth 36%        4d16      1%          5
h - Freezing Cloud        Conj/Ice/Air   29%        6-21      1%          5
i - Iron Shot             Conj/Erth      33%        9d7       2%          6
j - Starburst             Conj/Fire      42%        6d12      1%          6

Your spell library contained the following spells:

 Spells                   Type           Power      Damage    Failure   Level
 Lightning Bolt           Conj/Air       33%        1d50      1%          5
 Freeze                   Ice            100%       1d11      1%          1
 Sting                    Tmut/Pois      100%       1d8       1%          1
 Corpse Rot               Necr/Air       N/A        N/A       1%          2
 Poisonous Vapours        Pois/Air       74%        N/A       1%          2
 Frozen Ramparts          Ice            74%        1d9       1%          3
 Hailstorm                Conj/Ice       66%        3d14      1%          4
 Irradiate                Conj/Tmut      32%        3d24      1%          5
 Iskenderun's Battlesphe  Conj           85%        2d13      1%          5
 Slow                     Hex            31%        N/A       2%          2
 Sublimation of Blood     Necr           15%        N/A       2%          2
 Gell's Gravitas          Tloc           18%        N/A       2%          3
 Lesser Beckoning         Tloc           37%        N/A       2%          3
 Ozocubu's Armour         Ice            37%        N/A       2%          3
 Teleport Other           Tloc           37%        N/A       2%          3
 Olgreb's Toxic Radiance  Pois           36%        N/A       2%          4
 Spellforged Servitor     Conj/Summ      36%        N/A       5%          7
 Petrify                  Tmut/Erth      34%        N/A       12%         4
 Metabolic Englaciation   Hex/Ice        17%        N/A       32%         5
 Fire Storm               Conj/Fire      42%        8d11      65%         9
 Simulacrum               Ice/Necr       17%        N/A       88%         6
 Chain Lightning          Conj/Air       33%        3d44      100%        9


Dungeon Overview and Level Annotations

Branches:
Dungeon (15/15)            Temple (1/1) D:6            Lair (6/6) D:9
 Shoals (3/4) Lair:3       Spider (1/4) Lair:3        Slime (0/5) Lair:5
    Orc (2/2) D:11            Elf (0/3) Orc:2        Vaults (0/5) D:14
 Depths (0/5) D:15          Sewer (visited)          Bailey (visited)
  IceCv (visited)         Volcano (visited)

Altars:
Ashenzari
Cheibriados
Dithmenos
Hepliaklqana
Makhleb
Nemelex Xobeh
Okawaru
Ru
Sif Muna
Trog
Uskayaw
Vehumet
Wu Jian
Yredelemnul
The Shining One

Shops:
D:2 *   D:8 [   D:12 :   Orc:2 [   Shoals:1 *

Portals:
Trove: D:11 (give +3 shadow dragon scales)

Annotations:
Shoals:2 2 transporters, Gunih's ghost, adept NaFi
Shoals:3 2 runed translucent doors, Loucydgh's ghost, adept MfGl
Orc:2 Saint Roka


Message History

The water elemental closely misses you.
You slip free of the water engulfing you.
Your lungs strain for air!
The sentinel's mark upon you fades away.
The merfolk throws a throwing net.
The throwing net hits you.
You become entangled in the net!
You hear a splash.
The water elemental hits you!
You see here a throwing net.
Unknown command.
You struggle against the net.
Your lungs strain for air!
The merfolk hits you from afar with a +0 trident!!
The merfolk aquamancer hits you with a +0 rapier!
The water elemental hits you!
* * * LOW HITPOINT WARNING * * *
Unknown command.
You cannot read scrolls while unable to breathe!
Unknown command.
Unknown command.
Unknown command.
Unknown command.
Unknown command.
You struggle against the net.
* * * LOW HITPOINT WARNING * * *
Your lungs strain for air!
The merfolk closely misses you.
The merfolk aquamancer hits you but does no damage.
The water elemental hits you.
* * * LOW HITPOINT WARNING * * *
Unknown command.
You feel much better.
* * * LOW HITPOINT WARNING * * *
Your lungs strain for air!
The merfolk hits you from afar with a +0 trident!
* * * LOW HITPOINT WARNING * * *
The merfolk aquamancer hits you with a +0 rapier!
* * * LOW HITPOINT WARNING * * *
The water elemental hits you!!
You die...

≈..≈≈≈≈≈≈≈≈≈≈≈≈≈≈≈≈≈≈≈≈≈≈≈≈≈≈≈≈≈≈
≈≈≈≈≈≈≈≈≈≈≈≈≈≈≈≈≈≈≈≈≈≈≈≈≈≈≈≈≈≈≈≈≈
≈≈≈≈≈≈≈≈≈≈.....≈≈≈≈≈≈≈≈≈≈≈≈≈≈≈≈≈≈
≈≈≈≈≈≈≈≈≈≈......≈≈≈≈≈≈≈≈≈≈≈≈≈≈≈≈≈
≈≈≈≈≈≈≈≈≈≈.#####.≈≈≈..≈≈≈≈≈≈≈≈≈≈≈
≈≈≈≈≈≈≈≈≈≈.## #..≈≈≈..≈≈≈≈≈≈≈≈≈≈
≈≈≈≈≈≈≈≈≈≈≈..###m)≈≈≈≈..≈≈≈≈≈≈≈≈≈
≈≈≈≈≈≈≈≈≈≈≈≈....≈E≈≈≈≈≈≈≈≈≈≈≈≈≈≈≈
≈≈≈≈≈≈≈≈≈≈≈≈≈...@m≈≈≈≈≈≈≈≈≈≈≈≈≈≈≈
≈≈≈≈.≈≈≈≈≈.#..≈≈≈≈≈≈≈≈≈≈≈≈≈≈≈≈≈≈≈
...≈≈≈≈≈≈.##.≈≈≈≈≈≈≈≈≈≈≈≈≈≈≈≈≈≈≈≈
.≈≈≈≈≈≈≈≈≈...≈≈≈≈≈≈≈≈≈≈≈≈≈≈≈≈≈≈≈≈
≈≈≈.≈≈≈≈≈≈≈.≈≈≈≈≈≈≈≈≈≈≈≈≈≈≈≈≈≈≈≈≈
..≈≈≈≈≈≈≈≈≈≈≈≈≈≈≈≈≈≈≈≈≈≈≈≈≈≈≈≈≈≈≈
......≈≈≈≈≈≈≈≈≈≈≈≈≈≈≈≈≈≈≈≈≈≈≈≈≈≈≈
.^.....≈≈≈≈≈≈≈≈≈≈≈≈≈≈≈≈≈≈≈≈≈≈≈≈≈≈
≈.###..≈≈≈≈≈≈≈≈≈≈≈≈≈≈≈≈≈≈≈≈≈≈≈≈≈≈


You could see a merfolk aquamancer, a merfolk and a water elemental.

Vanquished Creatures
  A kraken (Shoals:1)
  Frances (Shoals:1)
  3 ghouls (D:15)
  A reaper (IceCv)
  A very ugly thing (D:13)
  A red draconian (Volcano)
  Azrael (D:15)
  An ettin (Orc:1)
  A merfolk javelineer (Shoals:3)
  2 merfolk impalers
  2 boulder beetles
  8 hydras
  An ice dragon (D:15)
  2 vault guards (D:14)
  An ogre mage (D:15)
  Erolcha (D:9)
  4 merfolk avatars
  A catoblepas (Lair:6)
  2 merfolk aquamancers
  A centaur warrior (D:13)
  7 two-headed ogres
  A death knight (D:14)
  23 death yaks
  A tengu warrior (D:14)
  A satyr (Shoals:3)
  A vampire mage (D:15)
  Urug (Lair:3)
  10 skeletal warriors
  A salamander mystic (Volcano)
  2 lindwurms
  11 sea snakes
  A necromancer (D:15)
  A wolf spider (Spider:1)
  19 harpies
  2 orc knights
  An orb spider (Spider:1)
  16 ugly things
  6 oklob plants
  A moth of wrath (Spider:1)
  5 fauns
  2 deep elf pyromancers
  2 orc sorcerers
  6 salamanders (Volcano)
  13 manticores
  2 wolf spider zombies (D:15)
  8 cyclopes
  3 merfolk sirens
  An iron dragon skeleton (D:15)
  7 black mambas
  2 water nymphs
  4 torpor snails
  7 centaur zombies
  4 elephants (Lair:5)
  18 cane toads
  2 ice statues (IceCv)
  2 unseen horrors
  A kobold demonologist (D:13)
  13 rime drakes
  7 ice devils
  12 komodo dragons
  14 merfolk
  A jumping spider (Spider:1)
  6 trolls
  6 polar bears
  A hornet (Lair:6)
  5 wind drakes
  14 blink frogs
  8 slime creatures
  An ice dragon zombie (D:15)
  4 snapping turtles
  10 dream sheep
  A centaur simulacrum (D:15)
  13 water elementals
  An ice dragon skeleton (D:15)
  5 redbacks (Spider:1)
  A deep troll skeleton (D:15)
  7 wyverns
  A dire elephant simulacrum (IceCv)
  54 yaks
  A shadow (D:10)
  A basilisk (Lair:3)
  2 fire elementals (D:15)
  9 humans (D:14)
  2 steam dragons
  6 vampire mosquitoes (D:13)
  2 harpy simulacra (IceCv)
  2 wargs
  14 water moccasins
  A hornet zombie (D:15)
  15 orc warriors
  5 hell hounds (D:15)
  Purgy (Sewer)
  A floating eye (Lair:3)
  An ice beast (D:7)
  A black bear (Lair:2)
  2 sky beasts
  A necrophage (D:8)
  6 ogres
  9 wolves
  11 centaurs
  2 phantoms (D:6)
  12 bullfrogs
  A kobold brigand (D:11)
  A gnoll sergeant (D:9)
  5 two-headed ogre simulacra (IceCv)
  2 cane toad simulacra (IceCv)
  A wyvern zombie (D:8)
  4 scorpions
  An elephant simulacrum (IceCv)
  13 wights
  5 howler monkeys
  An electric eel (Lair:3)
  2 bullfrog skeletons
  7 orc priests
  A hound (D:7)
  13 jellies (Lair:5)
  3 iguanas
  13 orc wizards
  6 hell rats (Lair:3)
  A polar bear simulacrum (IceCv)
  A wolf simulacrum (IceCv)
  A hound skeleton (D:5)
  3 mummies (D:15)
  A howler monkey skeleton (D:7)
  4 naga simulacra (IceCv)
  13 adders
  6 gnolls
  A shadow imp (D:5)
  3 white imps
  5 ufetubi
  An adder zombie (D:5)
  A worm (D:3)
  3 dart slugs
  37 orcs
  10 endoplasms
  4 giant cockroaches
  17 goblins
  9 hobgoblins
  3 quokkas
  11 ball pythons
  7 bats
  5 frilled lizards
  24 kobolds
  6 rats
  5 bushes (Lair:3)
  2 foxfires (D:12)
  A tentacle (Shoals:1)
787 creatures vanquished.

Vanquished Creatures (collateral kills)
  A foxfire (Lair:2)
1 creature vanquished.

Vanquished Creatures (others)
  A human (D:14)
  An orc priest (D:8)
  3 bushes (Lair:3)
  432 foxfires
  51 fungi
  A lurking horror (Abyss:1)
  108 plants
  8 tentacles (Shoals:1)
  10 withered plants (D:15)
615 creatures vanquished.

Grand Total: 1403 creatures vanquished

Notes
Turn   | Place    | Note
-------+----------+-------------------------------------------
     0 | D:1      | pokeman the Deep Elf Hedge Wizard began the quest for the
                  | Orb.
     0 | D:1      | Reached XP level 1. HP: 10/10 MP: 7/7
   442 | D:1      | Found a faded altar of an unknown god.
   478 | D:1      | Reached XP level 2. HP: 16/16 MP: 6/9
  1060 | D:1      | Reached skill level 5 in Spellcasting
  1301 | D:1      | Reached XP level 3. HP: 17/20 MP: 7/11
  1305 | D:1      | Learned a level 3 spell: Mephitic Cloud
  1308 | D:1      | Learned a level 2 spell: Call Imp
  1311 | D:1      | Learned a level 2 spell: Blink
  1315 | D:1      | Learned a level 3 spell: Conjure Flame
  1745 | D:2      | Found a broken altar of Ashenzari.
  1923 | D:2      | Reached skill level 1 in Armour
  2052 | D:2      | Reached skill level 1 in Fighting
  2302 | D:2      | Found Beteycuk's General Store.
  2311 | D:2      | Bought a scroll of teleportation for 33 gold pieces
  2311 | D:2      | Bought a scroll of identify for 22 gold pieces
  2421 | D:2      | Reached XP level 4. HP: 25/25 MP: 7/13
  3154 | D:3      | Reached skill level 1 in Fire Magic
  3155 | D:3      | Found a glowing drain.
  3164 | Sewer    | Entered a sewer
  3292 | Sewer    | Reached skill level 6 in Spellcasting
  3292 | Sewer    | Reached XP level 5. HP: 29/29 MP: 9/15
  3422 | Sewer    | Noticed Purgy
  3447 | Sewer    | Killed Purgy
  3448 | Sewer    | Reached skill level 1 in Air Magic
  4146 | D:4      | Reached XP level 6. HP: 34/34 MP: 13/17
  4456 | D:4      | Reached skill level 7 in Spellcasting
  4456 | D:4      | Reached skill level 1 in Poison Magic
  4548 | D:4      | Found a hide-covered altar of Uskayaw.
  4791 | D:5      | Entered Level 5 of the Dungeon
  4816 | D:5      | Identified the ring "Zim Mergheu" {Str+6 Slay+2}
  4816 | D:5      | Noticed a sky beast
  4826 | D:5      | Killed a sky beast
  4848 | D:5      | Found a hazy altar of Hepliaklqana.
  4980 | D:5      | Reached XP level 7. HP: 39/39 MP: 7/20
  5377 | D:5      | Reached skill level 8 in Spellcasting
  6138 | D:6      | Found a snail-covered altar of Cheibriados.
  6298 | D:6      | Reached XP level 8. HP: 36/44 MP: 10/22
  6491 | D:6      | Found a shimmering blue altar of Sif Muna.
  6491 | D:6      | Found a sparkling altar of Nemelex Xobeh.
  6492 | D:6      | Found a broken altar of Ashenzari.
  6494 | D:6      | Found a shadowy altar of Dithmenos.
  6603 | D:6      | Reached skill level 9 in Spellcasting
  6621 | D:6      | Reached skill level 5 in Conjurations
  6760 | D:6      | Found a staircase to the Ecumenical Temple.
  6768 | Temple   | Entered the Ecumenical Temple
  6810 | Temple   | Became a worshipper of Vehumet
  6971 | D:7      | Found a burning altar of Makhleb.
  7219 | D:7      | Reached skill level 10 in Spellcasting
  7235 | D:7      | Reached skill level 1 in Evocations
  7900 | D:7      | Reached * piety under Vehumet
  7900 | D:7      | Offered knowledge of Sandblast by Vehumet.
  8286 | D:8      | Reached XP level 9. HP: 48/48 MP: 9/25
  8719 | D:8      | Reached skill level 1 in Shields
  8719 | D:8      | Reached skill level 11 in Spellcasting
  9063 | D:8      | Found an iron altar of Okawaru.
  9192 | D:8      | Killed a large slime creature
  9193 | D:8      | Reached skill level 12 in Spellcasting
  9193 | D:8      | Reached skill level 5 in Summonings
  9326 | D:8      | Found Gouk Qio's Armour Shop.
  9448 | D:8      | Noticed a cyclops
  9470 | D:8      | Killed a cyclops
  9471 | D:8      | Reached XP level 10. HP: 53/53 MP: 20/28
  9984 | D:9      | Noticed Erolcha
 10152 | D:9      | Found a basalt altar of Yredelemnul.
 10168 | D:9      | Noticed a two-headed ogre
 10196 | D:9      | Killed a two-headed ogre
 10343 | D:9      | Found a staircase to the Lair.
 10348 | D:9      | Noticed a death yak
 10348 | D:9      | Noticed a death yak
 10348 | D:9      | Noticed a death yak
 10349 | D:9      | Noticed a death yak
 10382 | D:9      | Killed a death yak
 10383 | D:9      | Reached skill level 13 in Spellcasting
 10391 | D:9      | Killed a death yak
 10465 | D:9      | Noticed a death yak
 10583 | D:9      | Killed a death yak
 10584 | D:9      | Reached skill level 5 in Fire Magic
 10644 | D:9      | Killed a death yak
 10718 | D:9      | Killed a death yak
 10719 | D:9      | Reached skill level 14 in Spellcasting
 10719 | D:9      | Reached XP level 11. HP: 58/58 MP: 25/31
 10848 | D:9      | Noticed a two-headed ogre
 10911 | D:9      | Killed a two-headed ogre
 10969 | D:9      | Cast into level 1 of the Abyss (Erolcha)
 11006 | Abyss:1  | Noticed a large abomination
 11043 | D:9      | Escaped the Abyss
 11161 | D:9      | Killed Erolcha
 11624 | D:10     | Entered Level 10 of the Dungeon
 11662 | D:10     | Reached ** piety under Vehumet
 11800 | D:10     | Offered knowledge of Foxfire by Vehumet.
 11807 | D:10     | Learned a level 1 spell: Foxfire
 12116 | D:10     | Identified the +0 hat of the tomato {Fly Dex+5}
 12537 | D:11     | Found a staircase to the Orcish Mines.
 12544 | D:11     | Found a flagged portal.
 12564 | Bailey   | Entered a bailey
 12578 | Bailey   | Offered knowledge of Stone Arrow by Vehumet.
 12698 | Bailey   | Reached skill level 15 in Spellcasting
 12764 | Bailey   | Reached *** piety under Vehumet
 12816 | Bailey   | Found a bloodstained altar of Trog.
 13084 | D:11     | Offered knowledge of Ignite Poison by Vehumet.
 13367 | D:11     | Found a portal to a secret trove of treasure.
 13669 | D:12     | Found a sacrificial altar of Ru.
 13910 | D:12     | Noticed a two-headed ogre
 13938 | D:12     | Killed a two-headed ogre
 13939 | D:12     | Reached XP level 12. HP: 66/66 MP: 13/33
 14047 | D:12     | Found Romiot's Book Shop.
 14199 | D:12     | Noticed a two-headed ogre
 14240 | D:12     | Killed a two-headed ogre
 14681 | D:13     | Found the amulet of Vitality {Regen+ HP+15}
 14682 | D:13     | Noticed a purple very ugly thing
 14702 | D:13     | Learned a level 6 spell: Iron Shot
 14933 | D:13     | Noticed a boulder beetle
 15092 | D:13     | Identified the +4 ring mail "Konkit" {+Inv rElec Str+2
                  | Slay-6}
 15104 | D:13     | Found a sparkling altar of Nemelex Xobeh.
 15233 | D:13     | Reached skill level 16 in Spellcasting
 15233 | D:13     | Reached skill level 1 in Earth Magic
 15376 | D:13     | Reached skill level 10 in Conjurations
 15520 | D:13     | Learned a level 5 spell: Freezing Cloud
 15551 | D:13     | Killed a boulder beetle
 15551 | D:13     | Reached **** piety under Vehumet
 15671 | D:13     | Reached skill level 1 in Ice Magic
 15679 | D:13     | Noticed a centaur warrior
 15689 | D:13     | Killed a centaur warrior
 15821 | D:13     | Noticed an eight-headed hydra
 16077 | D:13     | Killed an eight-headed hydra
 16158 | D:13     | Killed a purple very ugly thing
 16586 | D:14     | Found a bloodstained altar of Trog.
 16591 | D:14     | Noticed a four-headed hydra
 16596 | D:14     | Killed a four-headed hydra
 16761 | D:14     | Reached skill level 5 in Armour
 16763 | D:14     | Reached skill level 17 in Spellcasting
 16765 | D:14     | Offered knowledge of Lee's Rapid Deconstruction by Vehumet.
 16898 | D:14     | Noticed a death knight
 16913 | D:14     | Reached XP level 13. HP: 51/72 MP: 5/36
 17366 | D:14     | Found a gate to the Vaults.
 17909 | Lair:1   | Entered Level 1 of the Lair of Beasts
 17917 | Lair:1   | Reached skill level 5 in Fighting
 17991 | Lair:1   | Found a dark tunnel.
 18062 | Volcano  | Entered a volcano
 18097 | Volcano  | Reached skill level 18 in Spellcasting
 18247 | Volcano  | Noticed a red draconian
 18259 | Volcano  | Killed a red draconian
 18624 | Lair:1   | Reached ***** piety under Vehumet
 18628 | Lair:1   | Reached skill level 10 in Fire Magic
 18812 | Lair:1   | Offered knowledge of Bolt of Magma by Vehumet.
 18819 | Lair:1   | Learned a level 5 spell: Bolt of Magma
 20007 | Lair:2   | Identified the ring "Ankin" {+Blink rPois rF++ Slay+6}
 20313 | Lair:3   | Reached XP level 14. HP: 80/80 MP: 12/38
 20320 | Lair:3   | Reached skill level 19 in Spellcasting
 20608 | Lair:3   | Found a hole to the Spider Nest.
 20621 | Lair:3   | Noticed Urug
 20626 | Lair:3   | Killed Urug
 21242 | Lair:3   | Found a staircase to the Shoals.
 22935 | Lair:5   | Reached skill level 20 in Spellcasting
 23078 | Lair:5   | Offered knowledge of Starburst by Vehumet.
 23088 | Lair:5   | Learned a level 6 spell: Starburst
 23249 | Lair:5   | Found a staircase to the Slime Pits.
 23359 | Lair:5   | Identified the +1 leather armour of Yrphecke {Int+2}
 23475 | Lair:5   | Reached XP level 15. HP: 84/84 MP: 31/41
 24759 | Lair:6   | Entered Level 6 of the Lair of Beasts
 24802 | Lair:6   | Found an iron altar of Okawaru.
 25873 | Lair:6   | Reached skill level 21 in Spellcasting
 26415 | Orc:1    | Entered Level 1 of the Orcish Mines
 26898 | Orc:2    | Entered Level 2 of the Orcish Mines
 26921 | Orc:2    | Noticed Saint Roka
 26951 | Orc:2    | Found a staircase to the Elven Halls.
 26967 | Orc:2    | Found a frozen archway.
 26979 | IceCv    | Entered an ice cave
 27040 | IceCv    | Offered knowledge of Conjure Ball Lightning by Vehumet.
 27743 | IceCv    | Identified the +0 ice dragon scales of the Harvest Moon
                  | {Rampage rF- rC++ Str+5 Dex-2}
 27824 | Orc:2    | Found Getadat's Antique Armour Shop.
 28603 | D:15     | Entered Level 15 of the Dungeon
 29755 | D:15     | Reached XP level 16. HP: 88/89 MP: 32/43
 30168 | D:15     | Reached skill level 22 in Spellcasting
 30359 | D:15     | Noticed Azrael
 30361 | D:15     | Reached ****** piety under Vehumet
 30364 | D:15     | Killed Azrael
 30484 | D:15     | Found a staircase to the Depths.
 30496 | D:15     | Offered knowledge of Yara's Violent Unravelling by Vehumet.
 31311 | D:15     | Found the +4 skin of Zhor {*Englaciate rC+++ SInv}
 32031 | Spider:1 | Entered Level 1 of the Spider Nest
 32100 | Shoals:1 | Entered Level 1 of the Shoals
 32481 | Shoals:1 | Noticed a kraken
 32500 | Shoals:1 | Killed a kraken
 32670 | Shoals:1 | Noticed Frances
 32677 | Shoals:1 | Killed Frances
 33082 | Shoals:1 | Found Rilonoyts's Assorted Antiques.
 33092 | Shoals:1 | Bought a potion of heal wounds for 120 gold pieces
 33552 | Shoals:2 | Noticed Gunih's ghost (adept NaFi)
 33556 | Shoals:2 | Found a transporter.
 33609 | Shoals:2 | Found a bloodstained altar of Trog.
 33617 | Shoals:2 | Found a transporter.
 34667 | Shoals:3 | Offered knowledge of Lightning Bolt by Vehumet.
 34668 | Shoals:3 | Reached skill level 23 in Spellcasting
 34975 | Shoals:3 | Found a large runed translucent door.
 34975 | Shoals:3 | Found a large runed translucent door.
 34977 | Shoals:3 | Noticed Loucydgh's ghost (adept MfGl)
 35220 | Shoals:3 | Reached XP level 17. HP: 97/97 MP: 33/46
 35590 | Shoals:3 | Reached skill level 15 in Conjurations
 36113 | Shoals:3 | HP: 5/112 [merfolk aquamancer (14)]
 36113 | Shoals:3 | Mangled by a water elemental

Illustrated notes

Levels and vault maps discovered:
D:1:      roderic_octagonal_star, layout_basic,
          chequers_ecumenical_altar_island, minmay_tripent
D:2:      layout_loops_cross, basic_altar, serial_shops,
          nicolae_shop_waterfront, minmay_misc_feat_rugged
D:3:      layout_basic, portal_sewer_entry_d
D:4:      minmay_skewed_foursquare, layout_rooms,
          mainiacjoe_overflow_small_starburst, minmay_misc_feat_x
D:5:      layout_rooms, mainiacjoe_overflow_tiny_flanked, chequers_big_river
D:6:      layout_basic, chequers_temple_overflow_statue_of_worship,
          cheibriados_altar_1, minmay_temple_entry_fiery
D:7:      corexii_shack_village, layout_loops_corners, general_overflow_altar,
          kennysheep_generic_room_13
D:8:      layout_basic, mainiacjoe_overflow_24_doors, serial_shops,
          kennysheep_little_box, grunt_decor_one_mirror,
          minmay_sticks_and_stones
D:9:      layout_gridville, mainiacjoe_overflow_concentric_impassable,
          dpeg_lair_monsters, uniq_erolcha
D:10:     layout_small_grid
D:11:     layout_cave_pools, enter_bailey_5, nicolae_trove_entry_columns,
          st_stairs_2
D:12:     layout_roguey, serial_shops, nicolae_square_shop,
          nicolae_ru_awakened_eye
D:13:     layout_roguey, nemelex_altar_shiori
D:14:     layout_irregular_city, ximxim_vaults_locker_room,
          trog_three_pillars_becter
D:15:     gammafunk_depths_entry_grave, layout_layer_cave, serial_undead,
          serial_undead_f, serial_undead_a, serial_undead_b, serial_undead_c,
          serial_undead_c, serial_undead_c, serial_undead_e,
          hellmonk_guarded_unrand_zhor, uniq_azrael
Temple:   hc_temple_tempest_star
Lair:1:   layout_long_grid, nicolae_volcano_entry_vermiform,
          hangedman_lair_unloving_vines, lemuel_fruit_fields,
          infiniplex_staircase_pool
Lair:2:   layout_chaotic_city, beast_lair_carwin_3, minmay_lair_oklob_chamber,
          grunt_megastairs_1
Lair:3:   nzn_winding_woodlands_small [nzn_winding_woodlands_5x15_default,
          nzn_winding_woodlands_center_triple_pond,
          nzn_winding_woodlands_5x15_default], layout_cellular_growth,
          elwin_shoals_entry_rooms, spider_nest_entry_web_field,
          minmay_hedge_maze, disabler_island, uniq_urug
Lair:4:   layout_long_grid, beast_lair_carwin_2
Lair:5:   layout_regular_city, minmay_slime_entry_jelly_boxes
Lair:6:   gammafunk_lair_ancient_temple, layout_hall_layers, basic_altar
Shoals:1: layout_shoals, serial_shops, nicolae_lakefront_shop,
          nicolae_shoals_arrival_archipelago, uniq_frances
Shoals:2: layout_shoals, gammafunk_ghost_wrathful_warriors
Shoals:3: layout_shoals, ebering_ghost_disaster_area
Spider:1: layout_spider_delve, drop_trap, uniq_kirke
Orc:1:    layout_diamond_mine, serial_shops, nicolae_shop_stone
Orc:2:    grunt_orc_gardens, layout_diamond_mine, grunt_orc_garden,
          grunt_orc_garden, grunt_orc_garden, grunt_orc_garden,
          portal_ice_cave_demonic_guard, nicolae_orc_stony_grotto,
          guppyfry_orc_lava_fort, uniq_saint_roka

Skill      XL: |  1  2  3  4  5  6  7  8  9 10 11 12 13 14 15 16 17 |
---------------+----------------------------------------------------+-----
Spellcasting   | 5 6 7 8 10 12 14 15 17 18 20 21 23 | 23.3
Armour         | 1 3 5 6 8 |  8.0
Conjurations   | 2 3 4 5 7 8 9 10 11 13 14 15 | 15.0
Fighting       | 1 2 4 6 7 |  7.9
Fire Magic     | 1 2 3 5 7 9 10 11 12 13 14 | 14.1
Dodging        | 3 |  3.0
Stealth        | 3 |  3.1
Air Magic      | 1 |  1.2
Poison Magic   | 1 |  1.0
Summonings     | 2 3 5 |  5.1
Evocations     | 2 |  2.0
Shields        | 2 4 |  4.1
Earth Magic    | 1 |  1.0
Ice Magic      | 1 |  1.0
Translocations | |  1.1

Action                   |  1- 3 |  4- 6 |  7- 9 | 10-12 | 13-15 | 16-18 || total
-------------------------+-------+-------+-------+-------+-------+-------++-------
Melee: Short sword       |     8 |    25 |    41 |   100 |     4 |       ||   178
       Broad axe         |       |       |       |       |   116 |    15 ||   131
 Fire: Hand crossbow     |       |       |    41 |       |       |       ||    41
 Cast: Magic Dart        |   119 |    89 |   204 |    76 |     3 |       ||   491
       Mephitic Cloud    |       |     5 |     6 |    67 |    15 |     3 ||    96
       Conjure Flame     |       |     5 |    35 |    31 |    13 |     4 ||    88
       Call Imp          |       |     3 |    15 |     7 |     2 |       ||    27
       Blink             |       |       |     1 |     9 |     3 |     1 ||    14
       Foxfire           |       |       |       |   157 |    81 |     1 ||   239
       Iron Shot         |       |       |       |    24 |    44 |    15 ||    83
       Freezing Cloud    |       |       |       |    15 |   117 |    68 ||   200
       Bolt of Magma     |       |       |       |       |   181 |   106 ||   287
       Starburst         |       |       |       |       |    37 |    45 ||    82
Evoke: Lightning rod     |       |       |       |     1 |     4 |       ||     5
       Wand              |       |       |       |       |     1 |       ||     1
  Use: Scroll            |       |       |     9 |     7 |    12 |     5 ||    33
       Potion            |       |       |       |       |       |     1 ||     1
 Stab: Sleeping          |     1 |     3 |     1 |       |       |       ||     5
       Confused          |       |     3 |     4 |     1 |       |       ||     8
       Distracted        |       |       |     1 |       |       |       ||     1
Armor: Robe              |     3 |       |       |       |       |       ||     3
       Leather armour    |     3 |     3 |       |       |       |       ||     6
       Troll leather arm |       |     2 |    22 |    26 |    32 |    18 ||   100
Dodge: Dodged            |    21 |    32 |   102 |   111 |   169 |    74 ||   509
Block: Buckler           |       |       |       |    35 |    69 |    35 ||   139

Table legend: (Time is in decaauts)
 A = Elapsed time spent in this place.
 B = Non-inter-level travel time spent in this place.
 C = Inter-level travel time spent in this place.
 D = Time resting spent in this place.
 E = Time spent auto-exploring this place.
 F = Levels seen in this place.
 G = Mean time per level.
                   A        B        C        D        E       F      G
               +--------+--------+--------+--------+--------+-----+--------+
         Total |  36354 |  33469 |   2885 |   3682 |  23011 |  33 | 1101.6 |
       Dungeon |  21454 |  19343 |   2111 |   1726 |  13631 |  15 | 1430.3 |
        Temple |    176 |    135 |     41 |      0 |     32 |   1 |  176.0 |
          Lair |   7796 |   7198 |    598 |    816 |   5210 |   6 | 1299.3 |
        Shoals |   4021 |   3921 |    100 |    471 |   2900 |   3 | 1340.3 |
   Spider Nest |      8 |      8 |      0 |      0 |      0 |   1 |    8.0 |
  Orcish Mines |    631 |    599 |     32 |     50 |    359 |   2 |  315.5 |
         Abyss |     73 |     73 |      0 |      0 |      0 |   1 |   73.0 |
         Sewer |    576 |    576 |      0 |     45 |    442 |   1 |  576.0 |
        Bailey |    281 |    281 |      0 |      4 |     65 |   1 |  281.0 |
      Ice Cave |    838 |    838 |      0 |    363 |    239 |   1 |  838.0 |
       Volcano |    495 |    495 |      0 |    207 |    132 |   1 |  495.0 |
               +--------+--------+--------+--------+--------+-----+--------+

Top non-repeatable levels by time:
    D:15: 3092 daAuts
     D:9: 1794 daAuts
    D:13: 1793 daAuts
     D:8: 1777 daAuts
     D:1: 1745 daAuts
     D:7: 1725 daAuts
    D:14: 1631 daAuts
Shoals:2: 1509 daAuts
  Lair:3: 1495 daAuts
  Lair:5: 1467 daAuts
  Lair:6: 1413 daAuts
  Lair:4: 1346 daAuts
Shoals:1: 1300 daAuts
     D:6: 1296 daAuts
Shoals:3: 1212 daAuts
